 Dungeon Crawl Stone Soup version 0.28-a0-413-gde365fb1df (webtiles) character file.

Game seed: 12718191781437461876

34744 Spaninq the Scorcher (level 13, -2/105 HPs)
             Began as a Red Draconian Fire Elementalist on Sept 7, 2021.
             Was a Priest of Vehumet.
             Slain by a seven-headed hydra (4 damage)
             ... on level 4 of the Lair of Beasts.
             The game lasted 00:58:26 (19708 turns).

Spaninq the Scorcher (DrFE)                        Turns: 19708, Time: 00:58:26

Health: -2/105     AC: 11    Str: 11    XL:     13   Next: 43%
Magic:  35/35      EV: 12    Int: 26    God:    Vehumet [***...]
Gold:   939        SH:  0    Dex: 12    Spells: 19/31 levels left

rFire   + + .      SeeInvis +   y - staff of fire
rCold   . . .      Faith    .   (no shield)
rNeg    . . .      Spirit   .   (armour unavailable)
rPois   .          Reflect  .   K - +1 hat {SInv}
rElec   .          Harm     .   (no cloak)
rCorr   .          Rampage  .   (no gloves)
Will    .....                   t - +1 pair of boots
Stlth   ++........              i - amulet of the acrobat
HPRegen 0.27/turn               H - ring of magical power
MPRegen 0.24/turn               o - +6 ring of intelligence

@: no status effects
A: breathe fire, AC +8, unfitting armour, fire resistance 1, cold-blooded
a: Breathe Fire, Renounce Religion


You were on level 4 of the Lair of Beasts.
You worshipped Vehumet.
Vehumet was most pleased with you.
You visited 3 branches of the dungeon, and saw 16 of its levels.

You collected 939 gold pieces.

Inventory:

Hand Weapons
 a - a +2 whip of electrocution
 C - a +2 rapier of venom
Missiles
 d - 566 stones
 k - 2 throwing nets
Armour
 t - a +1 pair of boots (worn)
 K - a +1 hat of see invisible (worn)
Magical Staves
 y - a staff of fire (weapon)
Jewellery
 g - a ring of see invisible
 i - an amulet of the acrobat (around neck)
 o - a +6 ring of intelligence (right hand)
 u - a ring of fire
 z - a ring of protection from cold
 D - an amulet of guardian spirit
 H - a ring of magical power (left hand)
 I - a +4 ring of slaying
Wands
 l - a wand of iceblast (48)
 m - a wand of digging (17)
 n - a wand of paralysis (18)
 s - a wand of flame (50)
 B - a wand of polymorph (8)
 E - a wand of charming (8)
 G - a wand of mindburst (16)
Scrolls
 e - 2 scrolls of brand weapon
 f - 9 scrolls of teleportation
 q - a scroll of enchant weapon
 w - 2 scrolls of amnesia
 x - 3 scrolls of magic mapping
Potions
 b - 2 potions of might
 c - 2 potions of ambrosia {unknown}
 h - 5 potions of heal wounds
 j - 2 potions of curing
 p - 2 potions of haste
 r - a potion of magic
 v - a potion of resistance
 A - 5 potions of brilliance
 F - a potion of invisibility {unknown}
Miscellaneous
 J - a phial of floods


   Skills:
 + Level 7.0 Fighting
 - Level 2.5 Staves
 - Level 1.7 Dodging
 - Level 1.7 Stealth
 + Level 9.6 Spellcasting
 * Level 12.7 Conjurations
 * Level 15.1 Fire Magic
 - Level 8.0 Earth Magic


You had 19 spell levels left.
You knew the following spells:

 Your Spells              Type           Power      Damage    Failure   Level
a - Sandblast             Erth           100%       2d20      1%          1
b - Scorch                Fire           100%       2d10      0%          2
c - Flame Wave            Conj/Fire      91%        3d15      1%          4
d - Mephitic Cloud        Conj/Pois/Air  34%        N/A       1%          3
e - Passwall              Tmut/Erth      27%        N/A       1%          2

Your spell library contained the following spells:

 Spells                   Type           Power      Damage    Failure   Level
 Hailstorm                Conj/Ice       45%        3d10      1%          4
 Foxfire                  Conj/Fire      100%       2x1d9     0%          1
 Magic Dart               Conj           100%       1d8       1%          1
 Searing Ray              Conj           100%       2d8       1%          2
 Conjure Flame            Conj/Fire      91%        6-21      1%          3
 Dazzling Flash           Conj/Hex       90%        N/A       1%          3
 Inner Flame              Hex/Fire       67%        N/A       1%          3
 Fulminant Prism          Conj/Hex       22%        3d13      1%          4
 Pain                     Necr           48%        1d6       4%          1
 Gell's Gravitas          Tloc           6%         N/A       14%         3
 Lesser Beckoning         Tloc           12%        N/A       14%         3
 Ozocubu's Armour         Ice            12%        N/A       14%         3
 Swiftness                Air            12%        N/A       14%         3
 Teleport Other           Tloc           12%        N/A       14%         3
 Cause Fear               Hex            6%         N/A       43%         4
 Agony                    Necr           12%        N/A       80%         5
 Excruciating Wounds      Necr           6%         N/A       80%         5
 Metabolic Englaciation   Hex/Ice        6%         N/A       80%         5
 Silence                  Hex/Air        6%         N/A       80%         5
 Invisibility             Hex            6%         N/A       100%        6
 Simulacrum               Ice/Necr       6%         N/A       100%        6
 Ozocubu's Refrigeration  Ice            6%         4d6       100%        7
 Discord                  Hex            6%         N/A       100%        8


Dungeon Overview and Level Annotations

Branches:
Dungeon (10/15)            Temple (1/1) D:7            Lair (5/6) D:10
  Swamp (0/4) Lair:4        Snake (0/4) Lair:3          Orc (0/2) D:10
  Slime: Lair:5-6

Altars:
Ashenzari
Cheibriados
Dithmenos
Elyvilon
Fedhas
Gozag
Hepliaklqana
Kikubaaqudgha
Makhleb
Nemelex Xobeh
Okawaru
Qazlal
Ru
Sif Muna
Trog
Uskayaw
Vehumet
Wu Jian
Xom
Yredelemnul
Zin
The Shining One

Portals:
Trove: D:10 (give 6 scrolls of fog)

Annotations:
D:9 2 transporters, mhtbhm's ghost, journeyman KoDe


Innate Abilities, Weirdness & Mutations

You can breathe blasts of fire.
Your fiery red scales are hard. (AC +8)
You cannot fit into any form of body armour.
Your flesh is heat resistant. (rF+)
You are cold-blooded and may be slowed by cold attacks.


Message History

The bullfrog hits you. The cane toad stings you!
You are poisoned.
The cane toad poisons you! The five-headed hydra misses you.
The five-headed hydra bites you! The five-headed hydra bites you.
* * * LOW HITPOINT WARNING * * *
The five-headed hydra bites you!
* * * LOW HITPOINT WARNING * * *
The five-headed hydra bites you.
* * * LOW HITPOINT WARNING * * *
The bullfrog barely misses you.
The seven-headed hydra bites you but does no damage.
The seven-headed hydra bites you.
* * * LOW HITPOINT WARNING * * *
The seven-headed hydra barely misses you. x3
The seven-headed hydra closely misses you.
The seven-headed hydra bites you but does no damage.
You climb upwards.
* * * LOW HITPOINT WARNING * * *
You feel very sick.
There is a stone staircase leading down here.
Unknown command.
Okay, then.
You feel better.
The cane toad stings you but does no damage.
The bullfrog hits you.
* * * LOW HITPOINT WARNING * * *
The five-headed hydra misses you. The five-headed hydra bites you.
* * * LOW HITPOINT WARNING * * *
The five-headed hydra closely misses you.
The five-headed hydra bites you.
* * * LOW HITPOINT WARNING * * *
The five-headed hydra bites you but does no damage.
The seven-headed hydra bites you.
* * * LOW HITPOINT WARNING * * *
The seven-headed hydra bites you!
* * * LOW HITPOINT WARNING * * *
The seven-headed hydra closely misses you. x2
The seven-headed hydra barely misses you.
The seven-headed hydra bites you.
You die...

######### #P..P.[#####
##....P# ........###
####....## ##...##
..........# #P....##
##...# ....#....##
#..(...### #....##
.#...##.## ###
###......# ##....#
######### ##.###
###...## #....#.
##..#P# #....## ##...##
# #.....#####....#
#...## ######
##.(..D@F.....##
##....# .....#
#....FD.......# #....##
....### #....###.....##
##...# ......###
#P...#####§§.####....#
........#
##....####§§..#.#....##
.......##
#...##....§§.........#
......###
#..###....§§.§.......P
........#
#...#..##.§#§###....##
.......##
#..#.#..##..## ##...##


You could see a seven-headed hydra, a five-headed hydra, a cane toad and a
bullfrog.

Vanquished Creatures
  Gastronok (Lair:3)
  A boulder beetle (Lair:4)
  3 hydras
  6 death yaks
  Pikel (D:5)
  2 black mambas (Lair:4)
  10 elephants
  7 cane toads
  Joseph (D:9)
  6 rime drakes
  2 unseen horrors
  Maggie (D:9)
  6 komodo dragons
  A troll (D:10)
  Prince Ribbit (D:9)
  A hornet (Lair:2)
  5 blink frogs (Lair:4)
  A meliai zombie (D:10)
  2 wyverns
  33 yaks
  Grum (D:8)
  3 basilisks
  4 vampire mosquitoes (D:10)
  3 steam dragons
  3 nagas (Lair:3)
  An acid dragon (D:9)
  16 water moccasins
  6 orc warriors
  An ice beast (D:6)
  5 black bears
  2 ogres
  A necrophage (D:5)
  14 wolves
  2 centaurs
  A kobold brigand (D:9)
  16 bullfrogs
  5 scorpions
  2 wyvern skeletons (D:5)
  2 water moccasin skeletons
  3 wights (D:7)
  14 killer bees
  An electric eel (Lair:3)
  4 howler monkeys
  6 hounds
  A jelly (D:7)
  4 orc priests
  An iguana (D:6)
  5 orc wizards
  Natasha (thrice) (D:3)
  A howler monkey skeleton (D:5)
  A howler monkey zombie (D:10)
  3 gnolls (D:3)
  3 adders
  A white imp (D:8)
  2 worms (D:3)
  26 orcs
  6 endoplasms
  4 giant cockroaches
  5 goblins
  9 hobgoblins
  11 kobolds
  A quokka (D:1)
  6 ball pythons
  7 bats
  7 rats
  A butterfly (Lair:4)
315 creatures vanquished.

Vanquished Creatures (others)
  138 foxfires
  39 fungi
  93 plants
270 creatures vanquished.

Grand Total: 585 creatures vanquished

Notes
Turn   | Place    | Note
-------+----------+-------------------------------------------
     0 | D:1      | Spaninq the Draconian Fire Elementalist began the quest for
                  | the Orb.
     0 | D:1      | Reached XP level 1. HP: 14/14 MP: 3/3
    30 | D:1      | Found a faded altar of an unknown god.
   294 | D:1      | Reached XP level 2. HP: 20/20 MP: 0/5
  1268 | D:2      | Learned a level 2 spell: Scorch
  1299 | D:2      | Reached XP level 3. HP: 21/26 MP: 1/6
  1443 | D:2      | Found an ancient bone altar of Kikubaaqudgha.
  2305 | D:3      | Noticed Natasha
  2317 | D:3      | Killed Natasha
  2318 | D:3      | Reached skill level 4 in Fire Magic
  2318 | D:3      | Reached XP level 4. HP: 22/33 MP: 1/7
  3130 | D:3      | Noticed Natasha
  3146 | D:3      | Killed Natasha
  3147 | D:3      | Reached XP level 5. HP: 31/38 MP: 0/9
  3314 | D:3      | Noticed an ogre
  3323 | D:3      | Killed an ogre
  3731 | D:3      | Noticed Natasha
  3735 | D:3      | Killed Natasha
  3983 | D:4      | Reached XP level 6. HP: 45/45 MP: 7/10
  4047 | D:4      | Found an ornate altar of the Wu Jian Council.
  4268 | D:4      | Reached skill level 5 in Fire Magic
  4625 | D:4      | Found a shimmering altar of Xom.
  4908 | D:5      | Entered Level 5 of the Dungeon
  4987 | D:5      | Your scales start taking on a fiery red colour.
  4987 | D:5      | Reached skill level 6 in Fire Magic
  4987 | D:5      | Reached XP level 7. HP: 50/50 MP: 3/12
  4987 | D:5      | Gained mutation: Your flesh is heat resistant. (rF+) [Red
                  | Draconian growth]
  5071 | D:5      | Reached skill level 7 in Fire Magic
  5113 | D:5      | Reached skill level 5 in Conjurations
  5222 | D:5      | Noticed a yak
  5222 | D:5      | Noticed a yak
  5223 | D:5      | Noticed a yak
  5227 | D:5      | Killed a yak
  5227 | D:5      | Noticed a yak
  5250 | D:4      | Killed a yak
  5355 | D:4      | Learned a level 4 spell: Flame Wave
  5365 | D:5      | Killed a yak
  5366 | D:5      | Reached skill level 8 in Fire Magic
  5366 | D:5      | Reached XP level 8. HP: 53/57 MP: 8/14
  5465 | D:5      | Found an iron altar of Okawaru.
  5557 | D:5      | Noticed Pikel
  5602 | D:5      | Killed Pikel
  5603 | D:5      | Reached skill level 9 in Fire Magic
  5944 | D:5      | Reached skill level 5 in Spellcasting
  6306 | D:6      | Reached XP level 9. HP: 62/62 MP: 9/16
  6573 | D:6      | Reached skill level 10 in Fire Magic
  7386 | D:7      | Noticed an unseen horror
  7389 | D:7      | Killed an unseen horror
  7685 | D:7      | Found a hazy altar of Hepliaklqana.
  7766 | D:7      | Found a stormy altar of Qazlal.
  7769 | D:7      | Found a bloodstained altar of Trog.
  7835 | D:7      | Found a staircase to the Ecumenical Temple.
  7842 | Temple   | Entered the Ecumenical Temple
  8063 | Temple   | Became a worshipper of Vehumet
  8207 | D:7      | Reached skill level 11 in Fire Magic
  8566 | D:8      | Found a glowing silver altar of Zin.
  8579 | D:8      | Noticed Grum
  8596 | D:8      | Killed Grum
  8597 | D:8      | Reached XP level 10. HP: 56/69 MP: 7/19
  8758 | D:8      | Found a large runed translucent door.
  8759 | D:8      | Found a large runed translucent door.
  8764 | D:8      | Identified the +0 pair of gloves of Elyvilon's Respect
                  | {Rampage rPois Will- Stlth+}
  8767 | D:8      | Found a blossoming altar of Fedhas.
  8852 | D:8      | Found a white marble altar of Elyvilon.
  9092 | D:8      | Found a shadowy altar of Dithmenos.
  9784 | D:9      | Noticed Prince Ribbit
  9790 | D:9      | Killed Prince Ribbit
  9846 | D:8      | Reached skill level 12 in Fire Magic
 10085 | D:9      | Reached skill level 10 in Conjurations
 10139 | D:9      | Reached * piety under Vehumet
 10139 | D:9      | Offered knowledge of Sandblast by Vehumet.
 10142 | D:9      | Learned a level 1 spell: Sandblast
 10210 | D:9      | Found a transporter.
 10213 | D:9      | Found a transporter.
 10213 | D:9      | Noticed mhtbhm's ghost (journeyman KoDe)
 10214 | D:9      | Noticed a deep elf pyromancer
 10215 | D:9      | Noticed a deep elf pyromancer
 10222 | D:9      | Noticed Maggie
 10227 | D:9      | Killed Maggie
 10228 | D:9      | Reached skill level 1 in Earth Magic
 10295 | D:9      | Noticed Joseph
 10485 | D:9      | Killed Joseph
 11023 | D:9      | Identified a scroll of acquirement
 11023 | D:9      | Acquired a staff of fire
 11072 | D:9      | Identified the +1 leather armour of Death's Door {Drain
                  | rCorr Slay+2}
 11404 | D:10     | Entered Level 10 of the Dungeon
 11524 | D:10     | Reached skill level 1 in Staves
 11730 | D:10     | Reached XP level 11. HP: 74/74 MP: 17/21
 11813 | D:10     | Learned a level 2 spell: Passwall
 11978 | D:10     | Found a staircase to the Lair.
 12067 | D:10     | Found a staircase to the Orcish Mines.
 12245 | D:10     | Found a basalt altar of Yredelemnul.
 12684 | D:10     | Found a portal to a secret trove of treasure.
 12771 | Lair:1   | Entered Level 1 of the Lair of Beasts
 12826 | Lair:1   | Offered knowledge of Searing Ray by Vehumet.
 13133 | Lair:1   | Reached skill level 1 in Fighting
 13464 | Lair:1   | Reached ** piety under Vehumet
 13465 | Lair:1   | Reached skill level 5 in Earth Magic
 14171 | Lair:2   | Reached skill level 13 in Fire Magic
 14249 | Lair:2   | Noticed a four-headed hydra
 14252 | Lair:2   | Killed a four-headed hydra
 14363 | Lair:2   | Noticed a five-headed hydra
 14379 | Lair:2   | Killed a five-headed hydra
 15499 | Lair:3   | Noticed Gastronok
 15506 | Lair:3   | Killed Gastronok
 15507 | Lair:3   | Reached XP level 12. HP: 79/91 MP: 16/24
 16155 | Lair:3   | Found a staircase to the Snake Pit.
 16452 | Lair:3   | Noticed a death yak
 16453 | Lair:3   | Noticed a death yak
 16454 | Lair:3   | Noticed a death yak
 16458 | Lair:3   | Killed a death yak
 16459 | Lair:3   | Reached skill level 5 in Fighting
 16459 | Lair:3   | Killed a death yak
 16465 | Lair:3   | Killed a death yak
 16465 | Lair:3   | Offered knowledge of Mephitic Cloud by Vehumet.
 16470 | Lair:3   | Learned a level 3 spell: Mephitic Cloud
 17328 | Lair:4   | Reached skill level 14 in Fire Magic
 17424 | Lair:4   | Reached *** piety under Vehumet
 17490 | Lair:4   | Found a staircase to the Swamp.
 17505 | Lair:4   | Noticed a boulder beetle
 17517 | Lair:4   | Noticed a four-headed hydra
 17522 | Lair:4   | Killed a boulder beetle
 18017 | Lair:4   | Noticed a death yak
 18023 | Lair:4   | Noticed a death yak
 18025 | Lair:4   | Killed a death yak
 18036 | Lair:4   | Killed a death yak
 18037 | Lair:4   | Reached XP level 13. HP: 73/102 MP: 11/26
 18819 | Lair:4   | Offered knowledge of Hailstorm by Vehumet.
 19549 | Lair:5   | Reached skill level 15 in Fire Magic
 19708 | Lair:4   | HP: 2/105 [seven-headed hydra (9)]
 19708 | Lair:4   | Slain by a seven-headed hydra

Illustrated notes

Levels and vault maps discovered:
D:1:      psy_arrival_radial01, layout_basic, ebering_ecumenical_altar_rust,
          dk_noncrumbling_3
D:2:      layout_loops_ring, basic_altar, roderic_filled_cross
D:3:      cheibrodos_old_hovel, layout_loops_corners, uniq_natasha
D:4:      layout_basic, mainiacjoe_overflow_surrounded_room,
          mainiacjoe_overflow_24_doors, serial_bayou, serial_bayou_lagoon_a,
          serial_bayou_pond_c, serial_bayou_pond_a, serial_bayou_pond_c,
          serial_bayou_ford_a, serial_bayou_crossing
D:5:      layout_loops_ring, mainiacjoe_overflow_paths, uniq_pikel
D:6:      layout_loops_ring
D:7:      layout_rooms, minitemple, lemuel_round_altar,
          minmay_temple_entry_drinking_statues
D:8:      layout_basic, zin_statuary, nicolae_dithmenos_shadow_blocks,
          jmf_multi_god_temple2, uniq_grum
D:9:      layout_irregular_city, gammafunk_ghost_arena, uniq_maggie,
          uniq_prince_ribbit1, uniq_joseph
D:10:     layout_loops_ring, mainiacjoe_overflow_small_starburst,
          grunt_lair_entry_orc_guard_hut, david_orc_4, trove_entry_hex_spiral
Temple:   minmay_temple_curvy_loop
Lair:1:   layout_regular_city
Lair:2:   cheibrodos_lair_overgrown_chateau, layout_loops_ring,
          infiniplex_staircase_pool_2
Lair:3:   layout_small_grid, minmay_snake_entry_guardpost_small,
          serial_bayou_shore_a, uniq_gastronok
Lair:4:   layout_concentric_octagons, swamp_mist, lemuel_fruit_fields,
          grunt_megastairs_2
Lair:5:   layout_cave_shapes, slime_altar_1, grunt_forest_small_clearing_treed

Skill      XL: |  1  2  3  4  5  6  7  8  9 10 11 12 13 |
---------------+----------------------------------------+-----
Conjurations   | 2 3 4 6 7 9 10 11 12 | 12.7
Fire Magic     | 4 6 8 9 11 12 13 14 15 | 15.1
Spellcasting   | 3 4 5 6 7 8 9 |  9.6
Earth Magic    | 3 7 8 |  8.0
Staves         | 1 2 |  2.5
Fighting       | 4 6 7 |  7.0
Dodging        | |  1.7
Stealth        | |  1.7

Action                   |  1- 3 |  4- 6 |  7- 9 | 10-12 | 13-15 || total
-------------------------+-------+-------+-------+-------+-------++-------
Melee: Dagger            |    37 |     6 |     8 |       |       ||    51
       Tailslap          |     3 |       |       |       |       ||     3
       Whip              |       |       |     2 |       |       ||     2
       Staff             |       |       |       |     2 |       ||     2
 Cast: Foxfire           |    55 |    13 |     8 |       |       ||    76
       Scorch            |     9 |    44 |    69 |   183 |    41 ||   346
       Flame Wave        |       |       |    16 |    61 |    13 ||    90
       Mephitic Cloud    |       |       |       |       |     3 ||     3
 Abil: Breathe Fire      |       |       |       |     1 |       ||     1
Evoke: Wand              |       |       |       |     3 |       ||     3
  Use: Scroll            |       |       |     8 |    15 |     1 ||    24
       Potion            |       |       |       |       |     1 ||     1
 Stab: Sleeping          |     1 |       |       |       |       ||     1
Armor: Skin              |    16 |     2 |    15 |    32 |    24 ||    89
Dodge: Dodged            |    39 |    15 |    46 |    94 |    55 ||   249

Table legend: (Time is in decaauts)
 A = Elapsed time spent in this place.
 B = Non-inter-level travel time spent in this place.
 C = Inter-level travel time spent in this place.
 D = Time resting spent in this place.
 E = Time spent auto-exploring this place.
 F = Levels seen in this place.
 G = Mean time per level.
                   A        B        C        D        E       F      G
               +--------+--------+--------+--------+--------+-----+--------+
         Total |  19775 |  19110 |    665 |   4438 |  11459 |  16 | 1235.9 |
       Dungeon |  12605 |  12276 |    329 |   2338 |   8015 |  10 | 1260.5 |
        Temple |    266 |    200 |     66 |      0 |    195 |   1 |  266.0 |
          Lair |   6903 |   6633 |    270 |   2100 |   3249 |   5 | 1380.6 |
               +--------+--------+--------+--------+--------+-----+--------+

Top non-repeatable levels by time:
  Lair:3: 2160 daAuts
  Lair:2: 1803 daAuts
     D:8: 1759 daAuts
  Lair:4: 1738 daAuts
     D:3: 1631 daAuts
     D:9: 1362 daAuts
     D:5: 1301 daAuts
    D:10: 1301 daAuts
  Lair:1: 1189 daAuts
     D:1: 1173 daAuts
     D:4: 1152 daAuts
     D:2: 1095 daAuts
     D:6: 1022 daAuts
     D:7: 804 daAuts
  Temple: 266 daAuts
